 Dungeon Crawl Stone Soup version 0.17.2-1-ge4368a0 (webtiles) character file.

2738564 Goblin1989 the Gargoyle Arbalest (level 27, 192/192 HPs)
             Began as a Gargoyle Hunter on Nov 21, 2016.
             Was an Initiate of Gozag.
             Escaped with the Orb
             ... and 5 runes on Nov 26, 2016!
             The game lasted 07:41:35 (92144 turns).

Goblin1989 the Gargoyle Arbalest (Gargoyle Hunter) Turns: 92144, Time: 07:41:35

Health: 192/192    AC: 52    Str: 25    XL:     27
Magic:  23/23      EV: 21    Int: 16    God:    Gozag
Gold:   5157       SH:  0    Dex:  7    Spells: 5 memorised, 0 levels left

rFire  + + +     SeeInvis .     W - +6 arbalest "Hellfire" {hellfire, rF++ rC- MR+}
rCold  + + +     Clarity  .     o - +1 plate armour "Uzothuk" {rC+++}
rNeg   + + .     SustAt   .     (shield currently unavailable)
rPois  ∞         Gourm    .     P - -2 hat of the Alchemist {rElec rPois rF+ rC+ rN+ MR+ rMut rCorr}
rElec  +         Spirit   .     A - +2 cloak {MR+}
rCorr  +         Warding  .     e - +1 pair of gloves of the Blind Marksman {+Blink rF++ Dex-3}
rMut   +         Stasis   .     O - +2 pair of boots {run}
MR     +++++                    r - amulet of regeneration
Stlth  ..........               y - +5 ring of slaying
                                X - ring of Shaolin {EV+8}

@: flying, quick, almost entirely resistant to hostile enchantments, extremely
unstealthy
A: big wings, negative energy resistance 1, electricity resistance, unbreathing,
petrification resistance, rot immunity, AC +20
a: Stop Flying, Potion Petition, Call Merchant, Bribe Branch, Renounce Religion,
Evoke Blink
0: Orb of Zot
}: 5/15 runes: serpentine, barnacled, slimy, silver, golden


You escaped.
You worshipped Gozag.
Gozag was noncommittal.
You were full.

You visited 13 branches of the dungeon, and saw 66 of its levels.
You visited the Abyss 1 time.
You also visited: Ice Cave and Volcano.

You collected 42860 gold pieces.
You spent 17397 gold pieces at shops.
You paid 20306 gold pieces to Gozag.

Inventory:

Hand Weapons
 a - the +11 arbalest of Context {freeze, Str+3 Dex+3}
   (You acquired it on level 5 of the Vaults)

   It causes projectiles fired from it to freeze those they strike, causing
   extra injury to most foes and up to half again as much damage against
   particularly susceptible opponents.
   They can also slow down cold-blooded creatures.
   It affects your strength (+3).
   It affects your dexterity (+3).
 b - a +9 lajatang of electrocution
 w - the +15 heavy crossbow "Sniper" {velocity, SInv}
   (You found it on level 3 of the Elven Halls)

   Any bolt fired from it inflicts extra damage.
   It lets you see invisible.
 W - the +6 arbalest "Hellfire" (weapon) {hellfire, rF++ rC- MR+}
   (You found it on level 3 of the Tomb of the Ancients)

   It greatly protects you from fire.
   It makes you vulnerable to cold.
   It affects your resistance to hostile enchantments.
Missiles
 d - 1022 bolts (quivered)
 g - 27 bolts of frost
 p - 80 silver bolts
 N - 35 bolts of penetration
 V - 77 steel bolts
 Y - 4 needles of sleeping
 Z - 11 throwing nets {=f, !d}
Armour
 e - the +1 pair of gloves of the Blind Marksman (worn) {+Blink rF++ Dex-3}
   (You found it on level 4 of the Vaults)

   It affects your dexterity (-3).
   It greatly protects you from fire.
   It lets you blink.
 o - the +1 plate armour "Uzothuk" (worn) {rC+++}
   (You found it on level 6 of the Pits of Slime)

   It renders you almost immune to cold.
 A - a +2 cloak of magic resistance (worn)
 O - a +2 pair of boots of running (worn)
 P - the -2 hat of the Alchemist (worn) {rElec rPois rF+ rC+ rN+ MR+ rMut rCorr}
   (You bought it in a shop on level 14 of the Dungeon)

   It protects you from fire.
   It protects you from cold.
   It insulates you from electricity.
   It protects you from poison.
   It protects you from negative energy.
   It affects your resistance to hostile enchantments.
   It protects you from acid and corrosion.
   It protects you from mutation.
Jewellery
 r - an amulet of regeneration (around neck)
 y - a +5 ring of slaying (right hand)
 D - the ring "Ublu" {+/*Tele +Fly}
   (You found it on level 3 of the Tomb of the Ancients)

   [ring of teleportation]

   It may teleport you next to monsters, and can be evoked to randomly teleport.
   It lets you fly.
 X - the ring of Shaolin (left hand) {EV+8}
   (You bought it in a shop on level 4 of the Lair of Beasts)

   [ring of evasion]

   It affects your evasion (+8).
Wands
 i - a wand of teleportation (2) {!v, @v4}
 t - a wand of teleportation (1) {!v, @v4}
 F - a wand of hasting (3) {!v, @v3}
 I - a wand of disintegration (6)
Scrolls
 c - 22 scrolls of remove curse {@r2}
 f - 12 scrolls of recharging
 u - 10 scrolls of immolation {!r}
 B - 5 scrolls of blinking
 C - 5 scrolls of enchant armour
 J - 5 scrolls of fear
 K - 13 scrolls of fog
 M - 6 scrolls of magic mapping
 R - 6 scrolls of identify {@r1}
 T - 6 scrolls of teleportation {!r, @r4}
 U - 2 scrolls of summoning
Potions
 h - 3 potions of cancellation
 j - 2 potions of berserk rage {!q}
 k - 6 potions of resistance
 l - 4 potions of haste {!q, @q3}
 n - 2 potions of cure mutation {!q}
 q - 17 potions of curing {@q1}
 v - 2 potions of agility
 x - 3 potions of brilliance
 G - 2 potions of ambrosia {!q}
Books
 E - a book of Spatial Translocations

   Spells                             Type                      Level
   a - Apportation                    Translocation                1
   b - Blink                          Translocation                2
   c - Shroud of Golubria             Charms/Translocation         2
   d - Portal Projectile              Translocation                3
   e - Teleport Other                 Translocation                3
   f - Passage of Golubria            Translocation                4
Miscellaneous
 H - 4 phantom mirrors
Comestibles
 m - 2 bread rations {@e1}
 z - 15 meat rations {@e2}


   Skills:
 + Level 24.9 Fighting
   Level 16.6(18.7) Maces & Flails
 * Level 15.4(18.2) Staves
 O Level 27 Crossbows
 + Level 24.1 Armour
 + Level 16.8 Dodging
 - Level 1.1 Stealth
   Level 15.9 Shields


You couldn't memorise any spells.
You knew the following spells:

 Your Spells              Type           Power        Failure   Level  Hunger
a - Death's Door          Chrm/Necr      #.........   100%        8    #######
g - Passage of Golubria   Tloc           N/A          100%        4    #####..
A - Aura of Abjuration    Summ           #.........   100%        5    ######.
H - Haste                 Chrm           #.......     100%        6    #######
R - Regeneration          Chrm/Necr      #.........   100%        3    ####...


Dungeon Overview and Level Annotations

Branches:
Dungeon (15/15)            Temple (1/1) D:6            Lair (8/8) D:9
 Shoals (4/4) Lair:3        Snake (4/4) Lair:6        Slime (6/6) Lair:6
    Orc (4/4) D:11            Elf (3/3) Orc:3        Vaults (5/5) D:14
  Crypt (3/3) Vaults:2       Tomb (3/3) Crypt:3      Depths (5/5) D:15
    Zot (5/5) Depths:5

Altars:
Ashenzari
Cheibriados
Dithmenos
Elyvilon
Fedhas
Gozag
Kikubaaqudgha
Nemelex Xobeh
Okawaru
Qazlal
Sif Muna
Trog
Vehumet
Xom
Yredelemnul
Zin
The Shining One
Jiyva
Lugonu

Shops:
D:5 (   D:14 [   Orc:3 [   Orc:4 *:[   Elf:2 !   Elf:3 !   Lair:3 ?   Lair:4 =[
Shoals:2 *[?[   Shoals:3 !   Snake:1 =   Vaults:2 (   Vaults:4 (   Vaults:5 [
Depths:4 *[

Portals:
Hell: Depths:1 Depths:2 Depths:3 Depths:4 Depths:5
Abyss: Depths:1 Depths:2 Depths:4 Depths:5
Pandemonium: Depths:2 Depths:3 Depths:5
Ziggurat: Depths:5

Annotations:
Elf:2 3 runed doors


Innate Abilities, Weirdness & Mutations

You are resistant to torment.
Your stone body is resilient (AC +20).
You are immune to poison.
Your large and strong wings let you fly indefinitely.
You resist negative energy.
You are resistant to electric shocks.
You can survive without breathing.
You are immune to petrification.
You are immune to rotting.


Message History

The hellfire bolt burns the toenail golem.
The toenail golem is moderately damaged.
The hellfire bolt explodes!
The hellfire engulfs the toenail golem.
The toenail golem is heavily damaged.
Firing (i - inventory. (,) - cycle):
d - 1023 bolts (quivered)
Press: ? - help, Shift-Dir - straight line, f/p - toenail golem
Aim: a toenail golem (heavily damaged)
You shoot a hellfire bolt.
The hellfire bolt hits the toenail golem!!
The hellfire bolt burns the toenail golem!
You destroy the toenail golem!
The hellfire bolt explodes!
(D) Dungeon (T) Temple (L) Lair (A) Shoals (P) Snake Pit (M) Slime Pits (O) Orcish Mines (E) Elven Halls (V) Vaults (C) Crypt (W) Tomb (U) Depths (H) Hell (Z) Zot
Where to? (Enter - D:1 @ (x,y), ? - help)
There is an open door here.
There is a staircase leading out of the dungeon here.
You have escaped!

█...........█ ███
███████.......>...█ █.█
█.....█$..........█ █.█
███ █.....█████████.█.█
█.██ ..█ █.....█
████.█.███..█ ..█
█.....█ █....█......█
..█ █.....█
██∆██....)...█ ███
█.....█████8.8███......█
█ █.....∆[..█♣@♣█
█......█ █
█.....███.♣♣♣♣ █.██████
█ █.....█ █.♣♣♣ █.█
█████.....█ █.█.█ █.█
....█.....█ █.█.█ █.█
....████.██ █.█.█ █.█
....████.████.█.█ █.█
....██........█.█ █.█
..██████.████...█ █.█


There were no monsters in sight!

Vanquished Creatures
  the royal jelly (Slime:6)
  10 ancient liches
  5 orbs of fire (Zot:5)
  Mennas (Vaults:4)
  A juggernaut (Depths:5)
  The ghost of jazmu the Conqueror, a legendary GrAM of the Shining One (Zot:5)
  25 greater mummies
  Sojobo (Vaults:1)
  Frederick (Crypt:3)
  Norris (Depths:3)
  Vashnia (Snake:4)
  A curse toe (Zot:4)
  2 Killer Klowns (Zot:5)
  7 golden dragons
  A pandemonium lord (D:1)
  Xtahua (Depths:3)
  A bone dragon (Depths:5)
  3 electric golems
  Jorgrun (Depths:3)
  11 tentacled monstrosities
  The ghost of Tobisume the Black Belt, an adept DsMo of Qazlal (Shoals:4)
  Rupert (Orc:4)
  A Brimstone Fiend (D:13)
  7 liches
  A deep elf blademaster (Elf:3)
  6 titans
  2 deep elf master archers (Elf:3)
  28 Orb Guardians
  2 quicksilver dragons
  A sphinx (shapeshifter) (Vaults:1)
  10 sphinxes
  17 acid blobs
  A kraken (Lair:3)
  4 death cobs
  An ancient champion (Tomb:2)
  5 storm dragons
  6 shadow dragons
  8 azure jellies
  5 revenants
  A draconian monk (Zot:1)
  9 tengu reavers
  Ilsuiw (Shoals:4)
  Wiglaf (Crypt:3)
  8 greater nagas
  11 fire giants
  Donald (Orc:4)
  A corrupter (D:9)
  2 iron dragons
  A draconian knight (Zot:5)
  4 draconian scorchers
  5 draconian shifters
  12 deep elf sorcerers
  10 frost giants
  A balrug (Depths:5)
  Aizul (Vaults:1)
  Louise (D:15)
  A draconian zealot (Zot:1)
  16 vault wardens
  2 curse skulls (Crypt:3)
  16 ghouls (Crypt:1)
  26 stone giants
  A spriggan defender (Depths:3)
  A reaper (Crypt:2)
  A draconian annihilator (Depths:5)
  16 very ugly things
  21 ironheart preservers
  4 war gargoyles
  A draconian caller (Zot:4)
  4 black draconians
  2 vampire knights
  The ghost of Goblin1989 the Impaler, a journeyman MfGl of Gozag (Lair:4)
  8 bennus
  A dire elephant (D:15)
  5 deep elf annihilators
  4 green draconians
  The ghost of Goblin1989 the Martial Artist, a journeyman DsMo of Gozag (Lair:6)
  5 mottled draconians
  4 yellow draconians
  Azrael (D:13)
  3 white draconians
  A salamander stormcaller (Vaults:5)
  8 deep elf demonologists
  3 purple draconians
  12 merfolk impalers
  5 merfolk javelineers
  6 red draconians
  5 jiangshi
  3 eidola
  7 death oozes (Slime:6)
  6 deep elf high priests
  28 vault guards
  9 deep elf death magi
  A quicksilver dragon zombie (Tomb:2)
  Josephine (Orc:2)
  19 fire dragons
  22 mummy priests
  16 ettins
  13 great orbs of eyes
  25 yaktaur captains
  5 entropy weavers
  The ghost of hurricos the Devastator, a journeyman TeWz of Makhleb (Lair:6)
  Fannar (Orc:2)
  4 rakshasas
  25 ogre magi
  3 spriggan air magi
  A hydra (shapeshifter) (Vaults:1)
  The ghost of Goblin1989 the Cleaver, a journeyman FoFi of Gozag (D:12)
  6 naga warriors
  The ghost of Goblin1989 the Martial Artist, a journeyman DsMo of Gozag (IceCv)
  12 anacondas
  12 ice dragons
  8 hydras
  Erica (D:9)
  5 merfolk avatars
  4 merfolk aquamancers (Shoals:4)
  13 centaur warriors
  9 deep troll shamans
  A queen ant (Lair:5)
  3 catoblepae (Lair:8)
  2 satyrs (Shoals:4)
  27 death yaks
  6 shock serpents
  8 tengu warriors
  29 hell knights
  3 vampire magi
  10 naga sharpshooters
  2 spriggan berserkers
  2 soul eaters
  16 deep troll earth magi
  18 deep elf knights
  4 iron trolls
  4 salamander mystics
  A sun demon (D:5)
  2 shadow wraiths
  A storm dragon skeleton (Tomb:2)
  17 sea snakes
  55 death scarabs
  8 unseen horrors
  A gelid demonspawn (D:9)
  10 skeletal warriors
  An unseen horror (shapeshifter) (Vaults:5)
  A torturous demonspawn (D:9)
  A deep troll (shapeshifter) (Vaults:2)
  12 flayed ghosts
  10 naga ritualists
  46 deep trolls
  11 deep elf summoners
  6 wizards
  4 hill giants
  2 golden dragon skeletons
  34 anubis guards
  A lindwurm (shapeshifter) (Vaults:3)
  3 giant orange brains
  An infernal demonspawn (D:9)
  A sphinx zombie (Crypt:2)
  13 mana vipers
  18 orc knights
  16 ironbrand convokers
  A shadow demon (D:9)
  3 hornets
  An anaconda skeleton (Tomb:2)
  A harpy (shapeshifter) (Elf:2)
  11 necromancers
  7 wolf spiders
  A wolf spider zombie (D:15)
  The ghost of Goblin1989 the Martial Artist, a novice DsMo (D:6)
  15 deep elf conjurers
  15 harpies
  17 phantasmal warriors
  2 sixfirhies (Depths:5)
  An orb spider (shapeshifter) (D:15)
  16 griffons
  4 fauns
  2 shadow dragon skeletons
  60 ugly things
  5 orc sorcerers
  28 elephants
  5 shining eyes
  A tengu skeleton (Vaults:2)
  8 water nymphs
  6 cyclopes
  A salamander (shapeshifter) (Vaults:1)
  A stone giant zombie (Crypt:1)
  A guardian serpent (Snake:1)
  7 moths of wrath
  A manticore (shapeshifter) (Vaults:5)
  2 stone giant skeletons
  17 salamanders
  2 smoke demons
  An iron dragon skeleton (Tomb:3)
  7 manticores
  16 naga magi
  A shock serpent zombie (Crypt:2)
  A fire giant skeleton (Crypt:1)
  A frost giant skeleton (Crypt:3)
  Maurice (Orc:2)
  A toenail golem (D:1)
  20 vault sentinels
  2 guardian serpents (shapeshifter)
  3 rust devils
  6 sirens
  2 ice statues
  7 gargoyles
  An eye of devastation (Slime:4)
  2 torpor snails (Lair:5)
  35 black mambas
  A black mamba (shapeshifter) (Vaults:1)
  A dire elephant skeleton (Crypt:3)
  2 molten gargoyles
  22 spiny frogs
  5 kobold demonologists
  A shock serpent skeleton (Crypt:3)
  8 komodo dragons
  An anaconda simulacrum (Tomb:3)
  A yaktaur (shapeshifter) (Depths:5)
  A golden dragon simulacrum (Crypt:1)
  A komodo dragon (shapeshifter) (Vaults:5)
  3 hellwings
  A redback zombie (D:15)
  5 large abominations
  2 tengu conjurers
  A black draconian skeleton (Crypt:1)
  43 yaktaurs
  42 guardian mummies
  A mottled draconian skeleton (Crypt:2)
  A jumping spider (Depths:1)
  3 blue devils
  5 red devils
  3 wind drakes
  A purple draconian skeleton (Crypt:1)
  A fire drake (shapeshifter) (Vaults:2)
  15 freezing wraiths
  A troll (shapeshifter) (Vaults:5)
  2 yaktaur skeletons
  5 fire drakes
  11 deep elf priests
  42 merfolk
  A yellow draconian skeleton (Crypt:1)
  A wind drake (shapeshifter) (Vaults:1)
  2 jumping spiders (shapeshifter)
  4 boulder beetles
  Prince Ribbit (D:7)
  4 polar bears
  An ettin zombie (Crypt:1)
  A hydra skeleton (Tomb:2)
  12 trolls
  A trapdoor spider zombie (D:11)
  2 two-headed ogres (shapeshifter) (Vaults:3)
  35 blink frogs
  4 bog bodies (Crypt:1)
  41 two-headed ogres
  A trapdoor spider (D:14)
  A guardian serpent skeleton (Crypt:2)
  A hornet zombie (D:15)
  A fire giant simulacrum (Crypt:1)
  22 ushabtiu
  99 slime creatures
  A trapdoor spider (shapeshifter) (Vaults:5)
  A ynoxinul (Zot:5)
  15 flying skulls
  7 redbacks
  3 small abominations (Depths:2)
  10 snapping turtles
  A slime creature (shapeshifter) (Vaults:5)
  A snapping turtle (shapeshifter) (Depths:3)
  6 air elementals
  A redback (shapeshifter) (Vaults:3)
  2 spriggans (Depths:4)
  8 shadows
  2 wyverns
  28 deep elf fighters
  2 ice dragon skeletons (Crypt:3)
  11 water elementals
  16 wraiths
  A vampire (D:15)
  A hog (shapeshifter) (Depths:3)
  49 yaks
  A tarantella (Depths:1)
  A black mamba skeleton (Crypt:3)
  21 vampire mosquitoes
  A basilisk (shapeshifter) (Vaults:2)
  7 golden eyes (Slime:6)
  A hippogriff (shapeshifter) (Vaults:3)
  32 deep elf magi
  5 basilisks
  2 yaktaur simulacra (Vaults:2)
  The ghost of Goblin1989 the Insei, an amateur DsMo (D:4)
  3 chaos spawn (Depths:2)
  A neqoxec (D:1)
  7 fire elementals
  4 wolves (Lair:2)
  4 hungry ghosts
  A mottled dragon (D:11)
  13 hippogriffs
  15 water moccasins
  5 porcupines
  A torturous demonspawn skeleton (Crypt:1)
  11 wargs
  2 hell hounds (D:13)
  A water moccasin (shapeshifter) (D:13)
  5 human simulacra
  49 nagas
  A gelid demonspawn skeleton (Crypt:1)
  21 soldier ants
  A swamp drake (Orc:1)
  4 eyes of draining
  An alligator simulacrum (IceCv)
  A manticore zombie (Crypt:2)
  A phantom (D:10)
  50 orc warriors
  6 wasps
  8 ice beasts
  A lindwurm zombie (Crypt:1)
  91 ogres
  15 boggarts
  3 sky beasts
  A sky beast (shapeshifter) (Vaults:4)
  20 centaurs
  3 black bears
  A snapping turtle skeleton (Crypt:3)
  A boggart (shapeshifter) (D:14)
  19 crocodiles
  3 necrophages (Crypt:1)
  10 big kobolds
  2 gnoll sergeants
  A wyvern zombie (Crypt:2)
  24 giant frogs
  6 killer bees (D:7)
  4 scorpions
  24 wights
  2 boulder beetle zombies
  An elephant simulacrum (IceCv)
  4 electric eels
  4 draconian simulacra (IceCv)
  6 centaur zombies
  6 crimson imps
  2 giant frog zombies
  A jelly (shapeshifter) (Depths:4)
  10 hounds
  21 jellies
  8 centaur skeletons
  Crazy Yiuf (D:2)
  A giant frog skeleton (D:7)
  2 iron imps
  38 orc priests
  45 orc wizards
  A hell rat (D:7)
  9 iguanas
  A polar bear simulacrum (IceCv)
  A porcupine skeleton (Crypt:1)
  6 troll simulacra (IceCv)
  A wolf simulacrum (IceCv)
  32 worker ants
  32 sheep
  A killer bee zombie (D:9)
  A spriggan simulacrum (IceCv)
  6 centaur simulacra
  A brain worm zombie (Crypt:2)
  A hound zombie (D:9)
  A mottled dragon skeleton (Crypt:1)
  56 mummies
  A worker ant zombie (D:9)
  12 adders
  2 naga simulacra (IceCv)
  2 ogre simulacra (IceCv)
  17 gnolls
  110 river rats
  4 shadow imps
  13 white imps
  3 oozes
  A sheep zombie (Crypt:1)
  2 adder skeletons
  2 adder zombies (D:7)
  2 worms (D:2)
  5 giant geckos
  234 orcs
  A ball python (D:5)
  9 bats
  9 hobgoblins
  22 jackals
  26 kobolds
  5 quokkas
  7 giant cockroaches
  A giant cockroach zombie (D:5)
  6 giant newts
  8 goblins
  A hobgoblin skeleton (Crypt:2)
  A jackal zombie (D:5)
  A quokka skeleton (D:5)
  36 rats
  A fire vortex (Volcano)
  5 lost souls
  2 plants (Crypt:3)
  A tentacle (Lair:3)
3465 creatures vanquished.

Vanquished Creatures (others)
  An ancient lich (Vaults:4)
  A tengu reaver (Vaults:2)
  A fire giant (Depths:3)
  A deep elf high priest (Vaults:5)
  2 dancing weapons (Elf:2)
  3 naga sharpshooters (Snake:4)
  A deep troll earth mage (Vaults:5)
  10 death scarabs
  A deep elf summoner (Vaults:5)
  A necromancer (Vaults:2)
  An iron dragon zombie (Tomb:2)
  A naga mage (Snake:4)
  7 yaktaurs
  A catoblepas skeleton (Tomb:2)
  A hydra zombie (Tomb:2)
  A kobold demonologist (D:14)
  An air elemental (Depths:2)
  4 flying skulls (Tomb:3)
  A naga (Snake:1)
  3 centaurs
  An ogre (Vaults:5)
  A boggart (Vaults:2)
  3 orcs
  A fulminant prism (Lair:6)
  41 fungi
  5 lost souls
  46 plants
  8 tentacles (Lair:3)
  88 tentacle segments (Lair:3)
237 creatures vanquished.

Grand Total: 3702 creatures vanquished

Notes
Turn   | Place    | Note
--------------------------------------------------------------
     0 | D:1      | Goblin1989 the Gargoyle Hunter began the quest for the Orb.
     0 | D:1      | Reached XP level 1. HP: 12/12 MP: 1/1
    73 | D:1      | Reached XP level 2. HP: 4/18 MP: 2/2
   899 | D:1      | Reached XP level 3. HP: 13/23 MP: 3/3
  1182 | D:1      | Reached skill level 1 in Maces & Flails
  1500 | D:2      | Reached XP level 4. HP: 10/28 MP: 4/4
  2042 | D:2      | Noticed Crazy Yiuf
  2054 | D:2      | Killed Crazy Yiuf
  2619 | D:3      | Reached XP level 5. HP: 19/32 MP: 5/5
  2808 | D:3      | Noticed an ogre
  2960 | D:3      | Killed an ogre
  3005 | D:3      | Reached skill level 5 in Maces & Flails
  3005 | D:3      | Reached XP level 6. HP: 27/37 MP: 6/6
  3123 | D:3      | Found a faded altar to an unknown god.
  3389 | D:3      | Found a glowing silver altar of Zin.
  3857 | D:4      | Reached skill level 6 in Maces & Flails
  3934 | D:4      | Reached XP level 7. HP: 12/41 MP: 7/7
  4267 | D:4      | Noticed Goblin1989's ghost (amateur DsMo)
  4286 | D:4      | Killed Goblin1989's ghost
  4286 | D:4      | Reached skill level 7 in Maces & Flails
  4765 | D:5      | Entered Level 5 of the Dungeon
  5250 | D:5      | Reached skill level 8 in Maces & Flails
  5334 | D:5      | Reached XP level 8. HP: 48/48 MP: 8/8
  5471 | D:5      | Reached skill level 1 in Armour
  5536 | D:5      | You fall through a shaft for 2 floors!
  5763 | D:7      | Noticed Prince Ribbit
  6028 | D:7      | Reached skill level 5 in Fighting
  6131 | D:7      | Killed Prince Ribbit
  6131 | D:7      | Reached skill level 9 in Maces & Flails
  6131 | D:7      | Reached skill level 1 in Shields
  6468 | D:6      | Found a staircase to the Ecumenical Temple.
  6490 | D:6      | Noticed Goblin1989's ghost (novice DsMo)
  6501 | D:6      | Reached XP level 9. HP: 14/54 MP: 9/9
  7083 | Temple   | Entered the Ecumenical Temple
  7115 | Temple   | Became a worshipper of Gozag Ym Sagoz the Greedy
  7393 | D:5      | Found Koleamaco's Antique Weapon Shop.
  7680 | D:7      | HP: 2/55 [orc warrior/flail (6)]
  8221 | D:7      | Reached skill level 10 in Maces & Flails
  9140 | D:8      | Reached skill level 5 in Armour
  9140 | D:8      | Reached XP level 10. HP: 31/61 MP: 10/10
  9451 | D:8      | Found a sparkling altar of Nemelex Xobeh.
  9630 | D:8      | Found a shattered altar of Ashenzari.
  9783 | D:8      | Reached skill level 11 in Maces & Flails
  9989 | D:8      | Found a white marble altar of Elyvilon.
  9989 | D:8      | Found a shadowy altar of Dithmenos.
  9989 | D:8      | Found an iron altar of Okawaru.
  9990 | D:8      | Found a glowing golden altar of the Shining One.
  9995 | D:8      | Found a radiant altar of Vehumet.
 10083 | D:9      | Found a staircase to the Lair.
 10426 | D:9      | Reached skill level 5 in Shields
 11285 | D:9      | Noticed Erica
 11311 | D:9      | Killed Erica
 11559 | D:9      | Reached XP level 11. HP: 53/68 MP: 11/11
 11593 | D:9      | Found a deep blue altar of Sif Muna.
 11613 | D:10     | Entered Level 10 of the Dungeon
 11666 | D:10     | Reached skill level 12 in Maces & Flails
 12669 | D:11     | Found a staircase to the Orcish Mines.
 14158 | Lair:1   | Entered Level 1 of the Lair of Beasts
 14386 | Lair:1   | Noticed a four-headed hydra
 14420 | Lair:1   | Killed a four-headed hydra
 14420 | Lair:1   | Reached skill level 13 in Maces & Flails
 14580 | Lair:1   | Reached XP level 12. HP: 18/76 MP: 12/12
 15554 | Lair:2   | Noticed a seven-headed hydra
 15571 | Lair:2   | Killed a seven-headed hydra
 15652 | Lair:2   | Noticed a seven-headed hydra
 15682 | Lair:2   | Killed a seven-headed hydra
 16411 | Lair:2   | Reached skill level 10 in Fighting
 16922 | Lair:3   | Found a staircase to the Shoals.
 16922 | Lair:3   | Noticed a kraken
 17019 | Lair:3   | Noticed a death yak
 17019 | Lair:3   | Noticed a death yak
 17019 | Lair:3   | Noticed a death yak
 17059 | Lair:3   | Killed a death yak
 17068 | Lair:3   | Killed a death yak
 17068 | Lair:3   | Reached skill level 14 in Maces & Flails
 17183 | Lair:3   | Killed a death yak
 17642 | Lair:4   | Noticed a death yak
 17643 | Lair:4   | Noticed a death yak
 17643 | Lair:4   | Noticed a death yak
 17645 | Lair:4   | Noticed Goblin1989's ghost (journeyman MfGl)
 17678 | Lair:3   | Bought a scroll of blinking for 112 gold pieces
 17678 | Lair:3   | Bought a scroll of enchant weapon for 112 gold pieces
 17678 | Lair:3   | Bought a scroll of identify for 30 gold pieces
 17678 | Lair:3   | Bought a scroll of identify for 30 gold pieces
 17678 | Lair:3   | Bought a scroll of blinking for 112 gold pieces
 17722 | Lair:4   | Reached skill level 5 in Crossbows
 17819 | Lair:4   | Reached XP level 13. HP: 83/83 MP: 13/13
 17886 | Lair:4   | Bought a pair of runed boots for 135 gold pieces
 17985 | Lair:4   | Reached skill level 10 in Armour
 18053 | Lair:4   | Killed a death yak
 18105 | Lair:4   | Killed a death yak
 18121 | Lair:4   | Killed a death yak
 18202 | Lair:4   | Killed Goblin1989's ghost
 18810 | Lair:5   | Reached skill level 10 in Shields
 19180 | Lair:5   | Got a polished blowgun {@w1}
 19181 | Lair:5   | Identified the cursed +0 blowgun "Zatycw" {speed, Str-2 Dex+6, @w1} (You found it on level 5 of the Lair of Beasts)
 19724 | Lair:5   | Gained mutation: Your large and strong wings let you fly indefinitely. [Gargoyle growth]
 19724 | Lair:5   | Reached XP level 14. HP: 73/90 MP: 14/14
 20610 | Lair:6   | Noticed Goblin1989's ghost (journeyman DsMo)
 21065 | Lair:6   | Noticed hurricos's ghost (journeyman TeWz)
 21200 | Lair:6   | Killed hurricos's ghost
 21514 | Lair:6   | Killed Goblin1989's ghost
 21727 | Lair:6   | Found a staircase to the Snake Pit.
 21765 | Lair:6   | Found a staircase to the Slime Pits.
 22345 | Lair:7   | Reached skill level 10 in Crossbows
 22354 | Lair:7   | Found a dark tunnel.
 22366 | Volcano  | Entered a volcano
 23965 | Lair:8   | Entered Level 8 of the Lair of Beasts
 23965 | Lair:8   | Found a shimmering altar of Xom.
 23987 | Lair:8   | Reached XP level 15. HP: 90/97 MP: 15/15
 25790 | Lair:8   | Got an encrusted falchion
 26300 | Lair:3   | Bought a beef jerky for 16 gold pieces
 26300 | Lair:3   | Bought 3 fruits for 49 gold pieces
 26300 | Lair:3   | Bought a meat ration for 55 gold pieces
 26300 | Lair:3   | Bought a fruit for 16 gold pieces
 26300 | Lair:3   | Bought a beef jerky for 16 gold pieces
 26300 | Lair:3   | Bought a beef jerky for 16 gold pieces
 26462 | Orc:1    | Entered Level 1 of the Orcish Mines
 26508 | Orc:1    | Found a shimmering altar of Xom.
 27131 | Orc:2    | Noticed Maurice
 27300 | Lair:4   | Bought the +2 cloak of the Thief {+Fog Slay-2 SInv Stlth+} for 1653 gold pieces
 27520 | Orc:2    | Killed Maurice
 27624 | Orc:2    | Noticed Fannar
 27704 | Orc:2    | Killed Fannar
 28081 | Orc:3    | Found Syelow's Book Shop.
 28348 | Orc:3    | Found Kohy's Antique Armour Emporium.
 28497 | Orc:3    | Bought a fine cloak for 313 gold pieces
 28507 | Orc:3    | Identified the +1 cloak of Watchfulness {rElec Str+4} (You bought it in a shop on level 3 of the Orcish Mines)
 28562 | Orc:3    | Found a staircase to the Elven Halls.
 28850 | Orc:4    | Entered Level 4 of the Orcish Mines
 28930 | Orc:2    | Found a shimmering altar of Xom.
 28931 | Orc:2    | Noticed Josephine
 28949 | Orc:2    | Killed Josephine
 29276 | Orc:4    | Goblin1989: !lg goblin1989 s=-god
 29276 | Orc:4    | beem: 1552 games for goblin1989: Jiyva, Beogh, 2x Pakellas, 2x Nemelex Xobeh, 3x Yredelemnul, 3x Sif Muna, 4x Zin, 6x Kikubaaqudgha, 7x The Shining One, 7x Uskayaw, 9x Xom, 10x Qazlal, 11x Vehumet, 13x Elyvilon, 14x Fedhas, 14x Hepliaklqana, 25x Ashenzari, 26x Dithmenos, 28x Lugonu, 35x Ru, 50x Cheibriados, 78x Trog, 81x Makhleb, 92x Okawaru, 93x Gozag, 937x
 29304 | Orc:4    | Noticed Rupert
 29337 | Orc:4    | Killed Rupert
 29732 | Orc:4    | Reached XP level 16. HP: 89/105 MP: 16/16
 30223 | Orc:4    | Noticed Donald
 30273 | Orc:4    | Killed Donald
 30390 | Orc:4    | Found Qukhy's Armour Shop.
 30394 | Orc:4    | Found Eshrot's Food Shoppe.
 30394 | Orc:4    | Found Antaq's Book Boutique.
 30451 | Orc:4    | Found Saptoc's General Store.
 30461 | Orc:4    | Bought a scroll of summoning for 123 gold pieces
 30461 | Orc:4    | Bought a scroll of recharging for 123 gold pieces
 30461 | Orc:4    | Bought a potion of resistance for 130 gold pieces
 30461 | Orc:4    | Bought a potion of heal wounds for 65 gold pieces
 30764 | D:12     | Found a frozen archway.
 30786 | IceCv    | Entered an ice cave
 31489 | IceCv    | Found an ancient bone altar of Kikubaaqudgha.
 31911 | IceCv    | Noticed Goblin1989's ghost (journeyman DsMo)
 31977 | IceCv    | Killed Goblin1989's ghost
 31977 | IceCv    | Reached skill level 15 in Shields
 32591 | D:12     | Noticed Goblin1989's ghost (journeyman FoFi)
 32622 | D:12     | Killed Goblin1989's ghost
 33017 | D:13     | Noticed Azrael
 33046 | D:13     | Killed Azrael
 34180 | D:14     | Cast into the Abyss (a wizard)
 34191 | D:14     | Escaped the Abyss
 34270 | D:14     | Got a slimy trident
 34481 | D:14     | Reached skill level 15 in Fighting
 34699 | D:14     | Found a gate to the Vaults.
 35362 | D:15     | Entered Level 15 of the Dungeon
 35576 | D:15     | Reached XP level 17. HP: 113/113 MP: 17/17
 35879 | D:15     | Noticed Louise
 35888 | D:15     | Killed Louise
 36043 | D:15     | Found a staircase to the Depths.
 36257 | D:14     | Bought the -2 hat of the Alchemist {rElec rPois rF+ rC+ rN+ MR+ rMut rCorr} for 2076 gold pieces
 36562 | Snake:1  | Entered Level 1 of the Snake Pit
 36868 | Snake:1  | Found Taryojoin's Jewellery Boutique.
 38462 | Snake:2  | Reached skill level 15 in Maces & Flails
 39077 | Snake:3  | Reached skill level 16 in Fighting
 39289 | Snake:3  | Reached skill level 15 in Armour
 40383 | Snake:4  | Entered Level 4 of the Snake Pit
 40411 | Snake:4  | Noticed Vashnia
 40472 | Snake:4  | Reached XP level 18. HP: 87/120 MP: 18/18
 41341 | Snake:4  | Killed Vashnia
 41530 | Snake:4  | Found a sparkling altar of Nemelex Xobeh.
 42737 | Snake:4  | Got a serpentine rune of Zot
 43023 | Lair:4   | Bought a +5 ring of slaying for 1932 gold pieces
 43275 | Vaults:1 | Entered Level 1 of the Vaults
 43637 | Vaults:1 | Reached skill level 17 in Fighting
 44098 | Vaults:1 | Reached skill level 5 in Dodging
 44364 | Vaults:1 | Reached XP level 19. HP: 126/128 MP: 19/19
 45523 | Orc:4    | Bought a meat ration for 65 gold pieces
 45523 | Orc:4    | Bought a bread ration for 65 gold pieces
 45523 | Orc:4    | Bought a slice of pizza for 19 gold pieces
 45523 | Orc:4    | Bought a bread ration for 65 gold pieces
 45523 | Orc:4    | Bought a meat ration for 65 gold pieces
 45523 | Orc:4    | Bought a beef jerky for 19 gold pieces
 45523 | Orc:4    | Bought a bread ration for 65 gold pieces
 45523 | Orc:4    | Bought a bread ration for 65 gold pieces
 45523 | Orc:4    | Bought a meat ration for 65 gold pieces
 45523 | Orc:4    | Bought a beef jerky for 19 gold pieces
 46685 | Vaults:2 | Noticed Aizul
 46851 | Vaults:1 | Reached skill level 18 in Fighting
 46915 | Vaults:1 | Killed Aizul
 47213 | Vaults:2 | Noticed Sojobo
 47343 | Vaults:1 | Killed Sojobo
 47759 | Vaults:2 | Reached XP level 20. HP: 136/136 MP: 20/20
 47935 | Vaults:2 | Found a staircase to the Crypt.
 48480 | Vaults:2 | Bought a slimy arbalest for 408 gold pieces
 48486 | Vaults:2 | Identified the +9 arbalest "Seicas" {flame, *Drain rPois Int+2} (You bought it in a shop on level 2 of the Vaults)
 49074 | Vaults:2 | Bought a pitted lajatang for 860 gold pieces
 49074 | Vaults:2 | Identified the +4 lajatang of Yeast {drain, *Drain Dex+4} (You bought it in a shop on level 2 of the Vaults)
 49183 | Vaults:3 | Reached skill level 1 in Staves
 50873 | Vaults:4 | Got a pair of warped gloves
 50879 | Vaults:4 | Identified the +1 pair of gloves of the Blind Marksman {+Blink rF++ Dex-3} (You found it on level 4 of the Vaults)
 51011 | Vaults:4 | Reached skill level 19 in Fighting
 51027 | Vaults:4 | Reached skill level 5 in Staves
 51144 | Vaults:4 | Got a vibrating silver amulet
 51146 | Vaults:4 | Identified the amulet "Otoot" {rMut +Inv Str+4} (You found it on level 4 of the Vaults)
 51467 | Vaults:4 | Noticed an ancient lich
 51490 | Vaults:4 | Killed an ancient lich
 51490 | Vaults:4 | Reached XP level 21. HP: 103/144 MP: 21/21
 51579 | Vaults:4 | Found Duuzan's Antique Weapon Emporium.
 51850 | Vaults:4 | Noticed Mennas
 51925 | Vaults:4 | Killed Mennas
 52979 | Lair:3   | Killed a kraken
 53140 | Shoals:1 | Entered Level 1 of the Shoals
 53472 | Lair:4   | Bought the ring of Shaolin {EV+8} for 2176 gold pieces
 54627 | Shoals:2 | Found Wakusi's Assorted Antiques.
 54637 | Shoals:2 | Found Ulier's Food Boutique.
 54656 | Shoals:2 | Found Vuesh's Magic Scroll Shoppe.
 54677 | Shoals:2 | Found Odenyari's Armour Shop.
 54836 | Shoals:2 | Found Jerere's Antique Armour Shoppe.
 54985 | Shoals:2 | Bought a scroll labeled NOLINE EKIOPT for 38 gold pieces
 54985 | Shoals:2 | Bought a scroll of identify for 76 gold pieces
 55005 | Shoals:2 | Got a fine short sword
 55476 | Shoals:3 | Found Kaythot's Distillery.
 55490 | Shoals:3 | Bought a potion of haste for 120 gold pieces
 55490 | Shoals:3 | Bought a potion of resistance for 120 gold pieces
 55490 | Shoals:3 | Bought a potion of heal wounds for 60 gold pieces
 55490 | Shoals:3 | Bought a potion of haste for 120 gold pieces
 56088 | Shoals:4 | Entered Level 4 of the Shoals
 56100 | Shoals:4 | Noticed Ilsuiw
 56142 | Shoals:4 | Reached skill level 10 in Dodging
 56217 | Shoals:4 | Noticed Tobisume's ghost (adept DsMo)
 56247 | Shoals:4 | Killed Tobisume's ghost
 56822 | Shoals:4 | Killed Ilsuiw
 56880 | Shoals:4 | Got a brightly glowing chain mail
 56881 | Shoals:4 | Identified the +6 chain mail of Eternity {*Corrode rElec Regen+} (You found it on level 4 of the Shoals)
 56886 | Shoals:4 | Got a tiger eye-encrusted leather armour
 57000 | Shoals:4 | Reached XP level 22. HP: 151/151 MP: 22/22
 57212 | Shoals:4 | Learned a level 3 spell: Regeneration
 57612 | Shoals:4 | Got a barnacled rune of Zot
 57672 | Shoals:4 | Got a scintillating marble ring
 57674 | Shoals:4 | Identified the ring "Tymuluyph" {+Fly rC- rN++ MP+9 Stlth-} (You took it off a merfolk on level 4 of the Shoals)
 57845 | Shoals:4 | Got a thick robe
 58153 | Shoals:2 | Bought a bloodstained plate armour for 1036 gold pieces
 58163 | Shoals:2 | Identified the +0 plate armour of Jarym {rN+ Str+3 Dex-5} (You bought it in a shop on level 2 of the Shoals)
 58523 | Depths:1 | Entered Level 1 of the Depths
 58954 | Depths:1 | Reached skill level 20 in Fighting
 59326 | Depths:1 | Got a wizard robe
 59334 | Depths:1 | Found a radiant altar of Vehumet.
 59374 | Depths:1 | Got a ripped robe
 59502 | Depths:1 | Got a twisted hat
 59503 | Depths:1 | Identified the +1 hat "Bydead" {-Cast rF+ Stlth+} (You found it on level 1 of the Depths)
 59506 | Depths:1 | Got a heavy robe
 59694 | Depths:1 | Found a corrupted altar of Lugonu.
 59715 | Depths:1 | Found a one-way gate to the infinite horrors of the Abyss.
 60002 | Depths:1 | Found a gateway to Hell.
 61150 | Depths:2 | Found a one-way gate leading to the halls of Pandemonium.
 61161 | Depths:2 | Learned a level 8 spell: Death's Door
 61434 | Depths:3 | Noticed Jorgrun
 61451 | Depths:3 | Killed Jorgrun
 61451 | Depths:3 | Reached XP level 23. HP: 154/158 MP: 23/23
 61482 | Depths:3 | Noticed Norris
 61660 | Depths:3 | Noticed Xtahua
 61668 | Depths:3 | Killed Xtahua
 62036 | Depths:2 | HP: 1/158 [deep troll earth mage/Lee's Rapid Deconstruction (26)]
 62441 | Depths:3 | Got a warped glaive {flame}
 62562 | Depths:3 | Killed Norris
 62562 | Depths:3 | Reached skill level 15 in Crossbows
 62777 | Depths:3 | Got a twisted robe
 63619 | Depths:4 | Reached skill level 21 in Fighting
 64550 | Depths:4 | Reached XP level 24. HP: 145/166 MP: 23/23
 65012 | Depths:4 | Found Efobleh's Wicked Wares.
 65022 | Depths:4 | Found a basalt altar of Yredelemnul.
 65259 | Depths:5 | Entered Level 5 of the Depths
 65339 | Depths:5 | Found a gateway to a ziggurat.
 65490 | Depths:5 | Noticed a juggernaut
 65506 | Depths:5 | Killed a juggernaut
 66179 | Depths:5 | Found a gate to the Realm of Zot.
 66629 | Depths:4 | Bought a +1 cloak of magic resistance for 346 gold pieces
 66629 | Depths:4 | Bought the +1 pair of gloves of the Wild Haggis {rC+ Str+2 Slay+3 Stlth+} for 905 gold pieces
 66991 | Elf:1    | Entered Level 1 of the Elven Halls
 67573 | Elf:1    | Identified the Grimoire of Attacks
 68066 | Elf:2    | Found Koic Huaq's Distillery.
 68280 | Elf:2    | Found a runed gate.
 68280 | Elf:2    | Found a runed gate.
 68282 | Elf:2    | Found a runed gate.
 68516 | Elf:3    | Entered Level 3 of the Elven Halls
 68555 | Elf:3    | Found Dauv's Distillery.
 68566 | Elf:3    | Bought a potion of heal wounds for 80 gold pieces
 68566 | Elf:3    | Bought a potion of heal wounds for 80 gold pieces
 68566 | Elf:3    | Bought a potion of might for 64 gold pieces
 68725 | Elf:3    | Reached XP level 25. HP: 172/172 MP: 23/23
 69678 | Elf:3    | Got a pitted glaive
 69704 | Elf:3    | Got a translucent ivory ring
 69705 | Elf:3    | Identified the ring "Bevviofa" {+Blink rF+ Str+2} (You found it on level 3 of the Elven Halls)
 69715 | Elf:3    | Identified Catofek's Catalogue of Fiery Battle Magic
 69786 | Elf:3    | Identified a scroll of acquirement
 69820 | Elf:3    | Got a sparkling turquoise ring
 69821 | Elf:3    | Identified the ring "Uppounam" {rN+ EV+4} (You found it on level 3 of the Elven Halls)
 70245 | Vaults:5 | Entered Level 5 of the Vaults
 70258 | Vaults:5 | Noticed an ancient lich
 70294 | Vaults:5 | Reached skill level 22 in Fighting
 70432 | Vaults:5 | Noticed an ancient lich
 70439 | Vaults:5 | Killed an ancient lich
 70824 | Vaults:5 | Noticed an ancient lich
 71134 | Vaults:5 | Reached XP level 26. HP: 164/179 MP: 23/23
 71271 | Vaults:5 | Killed an ancient lich
 71408 | Vaults:5 | Identified Advanced Spellcasting
 71415 | Vaults:5 | Learned a level 5 spell: Aura of Abjuration
 71416 | Vaults:5 | Oozefury: весело тут у тебя)
 71462 | Vaults:5 | Got a smoking pewter ring
 71540 | Vaults:5 | Killed an ancient lich
 71573 | Vaults:5 | Got a dazzling quarterstaff {freeze}
 71634 | Vaults:5 | Identified the Catalogue of Orientation and Summoning
 72326 | Vaults:5 | Got a heavily runed scale mail
 72356 | Vaults:5 | Got a brightly glowing granite ring
 72357 | Vaults:5 | Identified the ring of Zyirurr {rPois rC+ Dex+3} (You took it off an orc knight on level 5 of the Vaults)
 72358 | Vaults:5 | Identified the ring "Yfriahen" {+Fly MR+} (You took it off a tengu reaver on level 5 of the Vaults)
 72372 | Vaults:5 | Got a translucent arbalest
 72373 | Vaults:5 | Identified the +11 arbalest of Context {freeze, Str+3 Dex+3} (You acquired it on level 5 of the Vaults)
 72461 | Vaults:5 | Got a silver rune of Zot
 73160 | Vaults:5 | Bought a polished plate armour for 980 gold pieces
 73172 | Vaults:5 | Identified the cursed +0 plate armour of Qoaliu {+Blink rCorr} (You bought it in a shop on level 5 of the Vaults)
 73583 | Shoals:2 | Gained mutation: Your spells are a little harder to cast, but a little more powerful. [potion of beneficial mutation]
 73586 | Shoals:2 | Bought a bread ration for 60 gold pieces
 73586 | Shoals:2 | Bought a bread ration for 60 gold pieces
 73586 | Shoals:2 | Bought a bread ration for 60 gold pieces
 73586 | Shoals:2 | Bought a bread ration for 60 gold pieces
 73586 | Shoals:2 | Bought a bread ration for 60 gold pieces
 73586 | Shoals:2 | Bought 4 fruits for 72 gold pieces
 73586 | Shoals:2 | Bought a royal jelly for 24 gold pieces
 73586 | Shoals:2 | Bought a beef jerky for 18 gold pieces
 73767 | Slime:1  | Entered Level 1 of the Pits of Slime
 73960 | Slime:2  | Lost mutation: Your spells are a little harder to cast, but a little more powerful. [a shining eye]
 73969 | Slime:2  | Gained mutation: You are occasionally teleported next to monsters. [a shining eye]
 74098 | Slime:3  | Reached skill level 23 in Crossbows
 74098 | Slime:3  | Reached XP level 27. HP: 62/184 MP: 23/23
 74333 | Slime:6  | Entered Level 6 of the Pits of Slime
 74422 | Slime:6  | Found a viscous altar of Jiyva.
 74432 | Slime:6  | Noticed the royal jelly
 74443 | Slime:6  | Killed the royal jelly
 74798 | Slime:6  | Lost mutation: You are occasionally teleported next to monsters. [potion of cure mutation]
 75297 | Slime:6  | Got a brightly glowing plate armour
 75298 | Slime:6  | Identified the +1 plate armour "Uzothuk" {rC+++} (You found it on level 6 of the Pits of Slime)
 75337 | Slime:6  | Got a slimy rune of Zot
 75390 | Slime:6  | Got a dull robe
 75440 | Slime:6  | Got a transparent trident
 75874 | Crypt:1  | Entered Level 1 of the Crypt
 76045 | Crypt:1  | Reached skill level 24 in Crossbows
 76947 | Crypt:2  | Identified the Disquisition on Harmful Translocation
 77298 | Crypt:2  | Got a jewelled hand axe
 77454 | Crypt:3  | Entered Level 3 of the Crypt
 77840 | Crypt:3  | Noticed Wiglaf
 77845 | Crypt:3  | Killed Wiglaf
 77867 | Crypt:3  | Reached skill level 25 in Crossbows
 78008 | Crypt:3  | Identified Puluso's Incunabulum of Lucky Confrontation
 78205 | Crypt:3  | Learned a level 6 spell: Haste
 78210 | Crypt:3  | Learned a level 4 spell: Passage of Golubria
 78299 | Crypt:3  | Got a pitted great sword
 78403 | Crypt:3  | Noticed Frederick
 78418 | Crypt:3  | Killed Frederick
 78451 | Crypt:3  | Identified Xodateol's Guide on Darkness
 78614 | Crypt:3  | Found an ancient bone altar of Kikubaaqudgha.
 78616 | Crypt:3  | Noticed an ancient lich
 78623 | Crypt:3  | Killed an ancient lich
 78804 | Crypt:3  | Found a staircase to the Tomb.
 79074 | Crypt:3  | Got a brightly glowing quarterstaff
 79344 | Tomb:1   | Entered Level 1 of the Tomb of the Ancients
 79554 | Tomb:1   | Reached skill level 26 in Crossbows
 80657 | Tomb:1   | Bought a meat ration for 50 gold pieces
 80657 | Tomb:1   | Bought a slice of pizza for 15 gold pieces
 80657 | Tomb:1   | Bought a beef jerky for 15 gold pieces
 80657 | Tomb:1   | Bought a beef jerky for 15 gold pieces
 80657 | Tomb:1   | Bought 4 fruits for 60 gold pieces
 80657 | Tomb:1   | Bought a beef jerky for 15 gold pieces
 80662 | Tomb:2   | Noticed an ancient lich
 81211 | Tomb:1   | Killed an ancient lich
 82147 | Tomb:1   | Reached skill level 27 in Crossbows
 82678 | Tomb:2   | jacquesderrida: Polunochny gremlin
 82716 | Tomb:2   | Goblin1989: утренний
 82747 | Tomb:2   | jacquesderrida: Sibiryak...
 82762 | Tomb:2   | jacquesderrida: Mamin
 84058 | Tomb:3   | Entered Level 3 of the Tomb of the Ancients
 86488 | Tomb:3   | Reached skill level 15 in Dodging
 86767 | Tomb:3   | Identified the Guide on Earthen Transmutation
 86826 | Tomb:3   | Got a bloodstained plate armour
 86899 | Tomb:3   | Got a golden rune of Zot
 87152 | Tomb:2   | Identified the +3 plate armour of Leaves {rN++} (You found it on level 3 of the Tomb of the Ancients)
 87217 | Tomb:3   | Got a warped bone ring
 87235 | Tomb:3   | Goblin1989: wow!
 87276 | Tomb:3   | Identified the ring "Ublu" {+/*Tele +Fly} (You found it on level 3 of the Tomb of the Ancients)
 87278 | Tomb:3   | Got a shimmering great sword
 87283 | Tomb:3   | Got a translucent greatsling
 87298 | Tomb:3   | Got a twisted halberd
 88226 | Vaults:5 | Bought a bread ration for 60 gold pieces
 88226 | Vaults:5 | Bought a meat ration for 60 gold pieces
 88226 | Vaults:5 | Bought a beef jerky for 18 gold pieces
 88226 | Vaults:5 | Bought a fruit for 18 gold pieces
 88226 | Vaults:5 | Bought a fruit for 18 gold pieces
 88226 | Vaults:5 | Bought a bread ration for 60 gold pieces
 88226 | Vaults:5 | Bought a meat ration for 60 gold pieces
 88226 | Vaults:5 | Bought a meat ration for 60 gold pieces
 88226 | Vaults:5 | Bought a bread ration for 60 gold pieces
 88226 | Vaults:5 | Bought a slice of pizza for 18 gold pieces
 88226 | Vaults:5 | Bought a beef jerky for 18 gold pieces
 88228 | Vaults:5 | Bought a meat ration for 65 gold pieces
 88228 | Vaults:5 | Bought a bread ration for 65 gold pieces
 88228 | Vaults:5 | Bought a bread ration for 65 gold pieces
 88228 | Vaults:5 | Bought a meat ration for 65 gold pieces
 88228 | Vaults:5 | Bought a beef jerky for 19 gold pieces
 88228 | Vaults:5 | Bought a meat ration for 65 gold pieces
 88228 | Vaults:5 | Bought a bread ration for 65 gold pieces
 88228 | Vaults:5 | Bought a beef jerky for 19 gold pieces
 88228 | Vaults:5 | Bought a beef jerky for 19 gold pieces
 88630 | Vaults:5 | Bought a pair of embroidered boots for 157 gold pieces
 88640 | Vaults:5 | Identified a +0 pair of boots of running (You bought it in a shop on level 5 of the Vaults)
 88644 | Vaults:5 | Bought a twisted chain mail for 332 gold pieces
 88644 | Vaults:5 | Bought a jewelled chain mail for 332 gold pieces
 88654 | Vaults:5 | Identified the cursed +1 chain mail of Slovenliness {+Blink rC+ Dex-3} (You bought it in a shop on level 5 of the Vaults)
 88665 | Vaults:5 | Identified the +4 chain mail of Yvaf {MR+} (You bought it in a shop on level 5 of the Vaults)
 88983 | Zot:1    | Entered Level 1 of the Realm of Zot
 89080 | Zot:1    | Reached skill level 10 in Staves
 89687 | Zot:5    | Entered Level 5 of the Realm of Zot
 89698 | Zot:5    | Noticed jazmu's ghost (legendary GrAM)
 89735 | Zot:5    | Killed jazmu's ghost
 90248 | Zot:5    | Noticed an ancient lich
 90277 | Zot:5    | Killed an ancient lich
 90358 | Zot:5    | Noticed an ancient lich
 90369 | Zot:5    | Noticed an ancient lich
 90373 | Zot:5    | Killed an ancient lich
 90386 | Zot:5    | Noticed an orb of fire
 90399 | Zot:5    | Killed an orb of fire
 90400 | Zot:5    | Killed an ancient lich
 90413 | Zot:5    | Noticed an orb of fire
 90451 | Zot:5    | Killed an orb of fire
 90660 | Zot:5    | Noticed an orb of fire
 90664 | Zot:5    | Killed an orb of fire
 90697 | Zot:5    | Noticed an ancient lich
 90702 | Zot:5    | Killed an ancient lich
 90753 | Zot:5    | Noticed an orb of fire
 90763 | Zot:5    | Killed an orb of fire
 90811 | Zot:5    | Noticed an ancient lich
 90813 | Zot:5    | Killed an ancient lich
 90902 | Zot:5    | Noticed an orb of fire
 90915 | Zot:5    | Killed an orb of fire
 91197 | Zot:5    | Got a slimy dagger
 91198 | Zot:5    | Identified the cursed +1 dagger "Magher" {pierce, Str+3} (You found it on level 5 of the Realm of Zot)
 91253 | Zot:5    | Got the Orb of Zot
 91360 | Zot:4    | Reached skill level 15 in Staves
 91886 | D:6      | Killed Goblin1989's ghost
 92106 | D:1      | Noticed Gushaete the pandemonium lord
 92113 | D:1      | Killed Gushaete the pandemonium lord
 92143 | D:1      | Goblin1989: я почему-то знал что на д1 ко мне какой-нибудь лорд прийдет
 92144 | D:$      | Escaped with the Orb!

Action                   |  1- 3 |  4- 6 |  7- 9 | 10-12 | 13-15 | 16-18 | 19-21 | 22-24 | 25-27 || total
-------------------------+-------+-------+-------+-------+-------+-------+-------+-------+-------++-------
Melee: Short sword       |    83 |       |       |       |       |       |       |       |       ||    83
       Whip              |   119 |   187 |       |       |       |       |       |       |       ||   306
       Flail             |       |   177 |   716 |  1294 |  3566 |  4223 |  1170 |       |       || 11146
       Lajatang          |       |       |       |       |       |       |  1328 |       |  1557 ||  2885
 Fire: Hand crossbow     |    13 |    10 |    20 |    22 |    15 |    23 |       |       |       ||   103
       Arbalest          |       |       |       |       |       |       |   238 |  2071 |  2020 ||  4329
       Heavy crossbow    |       |       |       |       |       |       |       |       |   357 ||   357
Throw: Javelin           |       |       |       |       |       |       |       |     4 |       ||     4
Invok: Potion Petition   |       |       |       |     1 |     4 |     3 |     2 |     1 |     3 ||    14
       Call Merchant     |       |       |       |     2 |     2 |     1 |     1 |     1 |     4 ||    11
Evoke: Wand              |       |       |     2 |       |     2 |    17 |     3 |     4 |    11 ||    39
  Use: Potion            |       |       |    10 |     1 |     4 |     1 |    10 |     2 |    12 ||    40
       Scroll            |       |       |     6 |    11 |     4 |     7 |    22 |    16 |    44 ||   110
 Stab: Sleeping          |     1 |       |       |       |       |       |       |       |       ||     1
       Invisible         |       |       |     3 |       |       |       |       |       |    12 ||    15
       Distracted        |       |       |     1 |     3 |    12 |    14 |    13 |       |     6 ||    49
       Petrified         |       |       |       |       |     4 |       |       |       |       ||     4
  Eat: Chunk             |     2 |     8 |    12 |       |       |       |       |       |       ||    22
       Fruit             |       |       |     3 |    27 |    15 |     4 |    12 |     4 |    18 ||    83
       Beef jerky        |       |       |     2 |     2 |     5 |     1 |     4 |     1 |    10 ||    25
       Pizza             |       |       |     1 |     4 |     3 |     2 |     3 |       |     4 ||    17
       Royal jelly       |       |       |       |       |     1 |     1 |     2 |       |     3 ||     7
       Bread ration      |       |       |       |       |     7 |     7 |     7 |     7 |    14 ||    42
       Meat ration       |       |       |       |       |       |     6 |     1 |     1 |     7 ||    15

Vault maps used:
D:1:      saegor_arrival_simple_b, serial_corexii_hall, corexii_hall_statues_l,
          corexii_hall_statues_t
D:2:      nicolae_overflow_hidden_temple, uniq_crazy_yiuf_cottage
D:3:      zin_academy, ecumenical_altar_1
D:5:      first_bread, serial_shops, kennysheep_little_box, lightli_minifort
D:6:      corexii_shantytown, nicolae_ru_awakened_eye, minmay_temple_entry_grid,
          xom_teletrap_fun
D:7:      lemuel_ratsnest, uniq_prince_ribbit1
D:8:      lemuel_upstairs_altar, evilmike_ruin_ashenzari, kennysheep_mini_moat,
          minitemple
D:9:      kennysheep_blocky_room, lemuel_blue_sif_altar, lair_0_dummy,
          blue_anna_alchemist, uniq_erica
D:11:     minmay_orc_entry_guard_dogs, serial_bayou_ford_a
D:12:     portal_ice_cave_entry_ice_statue_01, roderic_roman_lattice
D:13:     uniq_azrael
D:14:     hangedman_vaults_entry_quadrant_bands,
          hangedman_abyss_or_decor_stagger
D:15:     hangedman_depths_entry_try_elsewhere_first, uniq_louise
Temple:   minmay_temple_bridge_a_8
Lair:3:   elwin_shoals_entry_rooms, grunt_megastairs_2
Lair:4:   grunt_megastairs_4, serial_bayou_shore_a
Lair:5:   minivault_29, lemuel_fruit_fields
Lair:6:   dummy_snake_entry, minmay_slime_entry_pillars, grunt_megastairs_3,
          infiniplex_staircase_pool
Lair:7:   nicolae_volcano_entry_hallway
Lair:8:   evilmike_catoblepas_cave, basic_altar, minmay_lair_drake_nest
Shoals:2: serial_shops, nicolae_shop_temple_entry_statues_fountains, shop,
          nicolae_shop_scaring_up_business, nicolae_shop_trees, shop
Shoals:3: serial_shops, shop
Shoals:4: shoals_end_simple, shoals_ilsuiw_ice, nicolae_shoals_dead_sea_scrolls
Snake:1:  serial_shops, shop
Snake:4:  minmay_snake_end_coiled, basic_altar, grunt_ministairs_6, st_stairs_3,
          uniq_vashnia
Orc:1:    basic_altar, hangedman_minor_magic
Orc:2:    basic_altar, uniq_fannar, uniq_josephine, uniq_maurice
Orc:3:    serial_shops, shop, shop_statue, nicolae_orc_pool_cavern
Orc:4:    st_orc_rangers, uniq_donald, uniq_rupert
Elf:1:    minmay_elf_arrival_summoners, minmay_elf_annihilation,
          serial_sigils_hangedman_carve, columned_hall_lemuel
Elf:2:    serial_shops, shop, lemuel_flamethrower_1
Elf:3:    minmay_elf_hall_dome, serial_shops, shop,
          roderic_lattice_octagonal_star, basic_stair_grate_trap
Vaults:1: hangedman_vaults_slice, vaults_standard_mumra_x, v_alt_pattern_3,
          nicolae_vaults_disjoint_gnomons, hangedman_vaults_capsules, v_rooms_4,
          vaults_room_semicircle, v_misc_27, v_misc_14,
          ontoclasm_vaults_loading_screen, v_misc_15
Vaults:2: v_pattern_4, v_misc_13, nicolae_vaults_rhombus_5,
          nicolae_vaults_three_branches, vaults_mumra_minichess,
          hangedman_vaults_slither, hangedman_vaults_unwind,
          nicolae_vaults_alarming, ontoclasm_vaults_idyll,
          dpeg_vaults_pockets_of_resistance, vaults_dpeg_doors,
          grunt_vaults_hallway_short, uniq_aizul, uniq_sojobo
Vaults:3: v_pattern_3, vaults_mumra_minichess_inversion,
          nicolae_vaults_what_the_h, v_misc_27, nicolae_vaults_circle_grid_a,
          nicolae_vaults_angled_halls, nicolae_vaults_little_squares_2,
          v_misc_11, stair_cage_open, vaults_room_semicircle,
          nicolae_vaults_asterisk
Vaults:4: hangedman_vaults_trim, nicolae_vaults_stairing_the_circle,
          nicolae_vaults_twisting_passages, v_rooms_4, v_pattern_2, st_cross,
          hangedman_vaults_corner, ontoclasm_vaults_decontamination,
          vaults_dpeg_ring, serial_shops,
          nicolae_shop_temple_entry_statues_fountains, uniq_mennas
Vaults:5: serial_shops
Crypt:2:  grunt_ministairs_11, minivault_26, minmay_strange_pillars
Crypt:3:  quadcrypt_mu, uniq_wiglaf, uniq_frederick
Depths:1: abyss_entry_flame_altar, hangedman_decor_peaks_small,
          grunt_hell_entry_dis_mu, minmay_misc_feat_pillars, spider_trap,
          grunt_tower_of_power
Depths:2: mu_elemental_laboratory, minmay_room_of_horrors,
          kennysheep_cluttered_room, rand_demon_pan_entry_9, hell_entry,
          minmay_parallelograms, minmay_staircase_statues, firewood_loft
Depths:3: grunt_crosshair, nicolae_wwwww, pan_entry, hell_entry, uniq_xtahua,
          uniq_jorgrun, uniq_norris
Depths:4: kennysheep_six_static_rooms, hangedman_abyss_entry_splay,
          minmay_misc_feat_room, hell_entry, hex_large, hangedman_decor_growths,
          nicolae_evil_shop, minmay_staircase_windowed_small
Depths:5: grunt_zot_entry_bicorn, enter_ziggurat_a, minmay_misc_feat_chi,
          rand_demon_pan_entry_7, hell_entry, abyss_entry
Zot:2:    grunt_ministairs_14
IceCv:    ice_cave_small_necro
Volcano:  volcano_overflow
